 Dungeon Crawl Stone Soup version 0.22.1-2-g9c5b331383 (webtiles) character file.

368 Freitmort the Conjurer (level 6, -7/32 HPs)
             Began as a Deep Elf Conjurer on Dec 7, 2018.
             Mangled by an orc warrior
             ... wielding a +0 battleaxe
              (20 damage)
             ... on level 4 of the Dungeon.
             The game lasted 00:23:38 (3971 turns).

Freitmort the Conjurer (Deep Elf Conjurer)          Turns: 3971, Time: 00:23:38

Health: -7/32      AC:  3    Str:  7    XL:     6   Next: 41%
Magic:  1/16       EV: 13    Int: 20    God:
Gold:   177        SH:  0    Dex: 15    Spells: 8/15 levels left

rFire    . . .     SeeInvis .   m - +0 blowgun
rCold    . . .     Gourm    .   (no shield)
rNeg     . . .     Faith    .   a - +0 robe
rPois    .         Spirit   .   (no helmet)
rElec    .         Reflect  .   (no cloak)
rCorr    .         Harm     .   (no gloves)
MR       .....                  e - +0 pair of boots
Stlth    ++........             g - amulet of regeneration
HPRegen  0.50/turn              (no ring)
MPRegen  0.15/turn              (no ring)

@: no status effects
A: no striking features
a: no special abilities


You were on level 4 of the Dungeon.
You were not hungry.

You visited 1 branch of the dungeon, and saw 4 of its levels.

You collected 177 gold pieces.

Inventory:

Hand Weapons
 b - a +0 dagger of venom
 m - a +0 blowgun (weapon)
Missiles
 l - 15 poisoned needles (quivered)
Armour
 a - a +0 robe (worn)
 e - a +0 pair of boots (worn)
Jewellery
 g - an amulet of regeneration (around neck)
Wands
 i - a wand of enslavement (8)
 o - a wand of digging (6)
Potions
 d - 2 potions of flight {unknown}
 h - a potion of resistance
 j - 2 potions of might
 k - a potion of lignification {unknown}
 n - a potion of curing {unknown}
 p - 2 potions of magic {unknown}
 q - a potion of degeneration {unknown}
Comestibles
 c - 4 rations


   Skills:
 * Level 1.4 Throwing
 + Level 3.0 Dodging
 + Level 3.5 Stealth
 + Level 5.3 Spellcasting
 + Level 6.3 Conjurations
 * Level 2.0 Evocations


You had 8 spell levels left.
You knew the following spells:

 Your Spells              Type           Power        Failure   Level  Hunger
a - Magic Dart            Conj           ####         1%          1    None
b - Searing Ray           Conj           ####..       1%          2    None
c - Iskenderun's Mystic   Conj           ####....     9%          4    ####...

Your spell library contained the following spells:

 Spells                   Type           Power        Failure   Level  Hunger
 Dazzling Spray           Conj/Hex       ###...       9%          3    ##.....
 Confusing Touch          Hex            #.....       11%         1    None
 Force Lance              Conj/Tloc      ###.....     30%         4    ####...
 Fulminant Prism          Conj/Hex       ###.......   30%         4    ####...
 Confuse                  Hex            #.......     32%         3    ##.....
 Gell's Gravitas          Tloc           #.........   32%         3    ##.....
 Petrify                  Tmut/Erth      #.......     73%         4    ####...
 Metabolic Englaciation   Hex/Ice        #.........   97%         5    #####..
 Yara's Violent Unravell  Hex/Tmut       #.........   97%         5    #####..


Dungeon Overview and Level Annotations

Branches:
Dungeon (4/15)
 Temple: D:4-7

Altars:
Nemelex Xobeh

Annotations:
D:3 Ijyb


Message History

The orc warrior hits you with a battleaxe!!
Ouch! That really hurt!
Casting: Searing Ray (safe; 1% risk of failure)
Confirm with . or Enter, or press ? or * to list all spells.
Aiming: Magic Dart (safe; 1% risk of failure)
Press: ? - help, Shift-Dir - straight line, f/p - orc warrior
Aim: an orc warrior, wielding a battleaxe and wearing a plate armour (almost The magic dart hits the orc warrior.
The orc warrior is almost dead.
The orc warrior barely misses you.
Casting: Magic Dart (safe; 1% risk of failure)
Confirm with . or Enter, or press ? or * to list all spells.
Aiming: Magic Dart (safe; 1% risk of failure)
Press: ? - help, Shift-Dir - straight line, f/p - orc warrior
Aim: an orc warrior, wielding a battleaxe and wearing a plate armour (almost The magic dart hits the orc warrior.
The orc warrior is almost dead.
The orc warrior hits you with a battleaxe!!
Ouch! That really hurt!
You die...

#.....%..# #........#
#...!....#
#######........#
#####....##........#
#...#.....#........##
#...#.....#.........#
###...#.........o.###.#
......#.........@.###.#
###...#......###.)....#
#.........†.)#.....##
#.######.....#.....#
#.#........###.....#
#.#.####...........#
#.#.# #...........#
##### #.#.#
#...##......# #....
#.#.# #...........#
#.###


You could see an orc warrior.

Vanquished Creatures
  A scorpion (D:4)
  A crimson imp (D:4)
  A hound (D:4)
  An orc priest (D:3)
  An iguana (D:4)
  A worker ant (D:4)
  A killer bee zombie (D:3)
  5 adders
  2 oozes
  6 worms
  13 orcs
  5 giant cockroaches
  5 goblins
  7 hobgoblins
  4 jackals (D:1)
  11 kobolds
  A ball python (D:3)
  5 bats
  3 frilled lizards
  5 rats
79 creatures vanquished.

Vanquished Creatures (others)
  A plant (D:4)
1 creature vanquished.

Grand Total: 80 creatures vanquished

Notes
Turn   | Place    | Note
-------+----------+-------------------------------------------
     0 | D:1      | Freitmort the Deep Elf Conjurer began the quest for the
                  | Orb.
     0 | D:1      | Reached XP level 1. HP: 10/10 MP: 6/6
   192 | D:1      | Reached XP level 2. HP: 15/15 MP: 2/8
   390 | D:1      | Reached skill level 5 in Conjurations
   537 | D:1      | Learned a level 2 spell: Searing Ray
   635 | D:1      | Reached XP level 3. HP: 19/19 MP: 5/9
  1448 | D:2      | Reached XP level 4. HP: 24/24 MP: 7/12
  1975 | D:3      | Learned a level 4 spell: Iskenderun's Mystic Blast
  2204 | D:3      | Reached XP level 5. HP: 28/28 MP: 9/14
  2623 | D:3      | Found a sparkling altar of Nemelex Xobeh.
  2963 | D:3      | Reached skill level 5 in Spellcasting
  3128 | D:3      | Noticed Ijyb
  3218 | D:4      | Noticed an orc warrior
  3341 | D:4      | Reached skill level 6 in Conjurations
  3487 | D:4      | Reached skill level 1 in Evocations
  3573 | D:4      | Reached XP level 6. HP: 30/32 MP: 5/15
  3698 | D:4      | Reached skill level 1 in Throwing
  3971 | D:4      | Mangled by an orc warrior

Skill      XL: |  1  2  3  4  5  6 |
---------------+-------------------+-----
Conjurations   | 5 6 |  6.3
Spellcasting   | 4 5 |  5.3
Dodging        | 3 |  3.0
Stealth        | 3 |  3.5
Evocations     | 1 2 |  2.0
Throwing       | 1 |  1.4

Action                   |  1- 3 |  4- 6 || total
-------------------------+-------+-------++-------
Melee: Dagger            |       |     3 ||     3
 Cast: Magic Dart        |    78 |    84 ||   162
       Searing Ray       |     4 |    15 ||    19
       Iskenderun's Myst |       |     4 ||     4
  Use: Scroll            |     3 |     4 ||     7
 Stab: Sleeping          |       |     1 ||     1
  Eat: Chunk             |     1 |     9 ||    10
Armor: Robe              |       |     5 ||     5
Dodge: Dodged            |    14 |    12 ||    26
